 Dungeon Crawl Stone Soup version 0.20-a0-493-g19c8d8d (webtiles) character file.

171 terra52 the Sneak (level 5, -3/63 HPs)
             Began as a Formicid Monk on Jan 16, 2017.
             Slain by Pikel
             ... wielding a +0 whip of electrocution
              (11 damage)
             ... on level 4 of the Dungeon.
             The game lasted 00:11:06 (4162 turns).

terra52 the Sneak (Formicid Monk)                   Turns: 4162, Time: 00:11:07

Health: -3/63      AC: 23    Str: 17    XL:     5   Next: 81%
Magic:  5/5        EV:  2    Int:  9    God:
Gold:   199        SH:  4    Dex: 13    Spells: 4/4 levels left

rFire    . . .     SeeInvis .   j - +0 dagger (freeze)
rCold    . . .     Gourm    .   (armour currently unavailable)
rNeg     + + +     Faith    .   (no shield)
rPois    +         Spirit   .   (helmet unavailable)
rElec    .         Reflect  +   (cloak currently unavailable)
rCorr    .         Harm     .   (gloves currently unavailable)
MR       .....                  (boots currently unavailable)
Stlth    ++++......             t - +4 amulet of reflection
Regen    0.2/turn               o - +1 ring of protection
                                d - ring of stealth

@: tree-form (expiring)
A: permanent stasis, dig shafts and tunnels, four strong arms, (antennae 0)
a: no special abilities


You were on level 4 of the Dungeon.
You were hungry.
You were a tree.
You visited 1 branch of the dungeon, and saw 4 of its levels.

You collected 199 gold pieces.

Inventory:

Hand Weapons
 a - a +0 falchion
 j - a +0 dagger of freezing (weapon)
Armour
 b - a +0 robe
 l - a +0 ring mail
 p - a +0 chain mail
 s - a +3 chain mail of magic resistance (melded)
Jewellery
 d - a ring of stealth (left branch)
 o - a +1 ring of protection (right branch)
 t - a +4 amulet of reflection (around neck)
Scrolls
 e - a scroll of remove curse
 q - a scroll of identify
Potions
 g - a potion of degeneration
 h - a potion of lignification
Comestibles
 c - a bread ration
 m - 2 fruits


   Skills:
 + Level 3.7 Fighting
 - Level 3.7 Long Blades
 + Level 2.0 Armour
 + Level 3.6 Dodging
 + Level 4.2 Stealth


You had 4 spell levels left.
You didn't know any spells.

Dungeon Overview and Level Annotations

Branches:
Dungeon (4/15)
 Temple: D:4-7

Altars:
Cheibriados
Hepliaklqana
Okawaru

Annotations:
D:3 Terence
D:4 Pikel


Innate Abilities, Weirdness & Mutations

You cannot be hasted, slowed, berserked, paralysed or teleported.
You can dig through walls and to a lower floor.
Your four strong arms can wield two-handed weapons with a shield.
((You have a pair of large antennae on your head. (SInv)))


Message History

Pikel hits you with a whip of electrocution.
You barely miss Pikel.
Pikel is moderately wounded.
You are feeling hungry.
You closely miss Pikel.
Pikel is moderately wounded.
Pikel hits you but does no damage.
You are electrocuted!
* * * LOW HITPOINT WARNING * * *
You barely miss Pikel.
Pikel is moderately wounded.
Pikel hits you but does no damage.
You closely miss Pikel.
Pikel is moderately wounded.
Pikel hits you with a whip of electrocution.
* * * LOW HITPOINT WARNING * * *
Okay, then.
You barely miss Pikel.
Pikel is moderately wounded.
Pikel hits you but does no damage.
You are electrocuted!
You die...

#.....##.# #.#.........#
########.#####(#.........+###
###...........#...####.....#
#.......##############....##
#.#.##....................#
#.............######....#
#..#<########.# #....# #..#.#
#.# ###### ## #.########♣#
#.#...pppK.# #.#.########
#.#...{ppp. #.#..######
#..... .#.## #. .# #. .#


You could see Pikel and 3 slaves.

Vanquished Creatures
  Jessica (D:3)
  3 gnolls (D:2)
  3 adders
  3 worms (D:2)
  4 leopard geckos
  5 orcs (D:3)
  9 bats
  3 giant cockroaches
  9 goblins
  6 hobgoblins
  4 jackals (D:1)
  A quokka (D:3)
  A ball python (D:1)
  5 frilled lizards
  11 kobolds
  5 rats
73 creatures vanquished.

Notes
Turn   | Place    | Note
-------+----------+-------------------------------------------
     0 | D:1      | terra52 the Formicid Monk began the quest for the Orb.
     0 | D:1      | Reached XP level 1. HP: 18/18 MP: 1/1
   147 | D:1      | Reached XP level 2. HP: 4/24 MP: 2/2
   624 | D:1      | Reached XP level 3. HP: 29/29 MP: 3/3
  1457 | D:2      | Found a hazy altar of Hepliaklqana.
  1587 | D:2      | Reached skill level 3 in Stealth
  1802 | D:2      | Reached XP level 4. HP: 35/35 MP: 4/4
  1883 | D:2      | Found a snail-covered altar of Cheibriados.
  1893 | D:2      | Found a faded altar of an unknown god.
  1972 | D:2      | Found an iron altar of Okawaru.
  2616 | D:2      | Reached XP level 5. HP: 24/41 MP: 5/5
  2854 | D:3      | Noticed Terence
  2981 | D:3      | Reached skill level 1 in Armour
  3070 | D:3      | Reached skill level 4 in Stealth
  3492 | D:3      | Noticed a phantom
  3563 | D:3      | Noticed Jessica
  3572 | D:3      | Killed Jessica
  4121 | D:4      | Noticed Pikel
  4121 | D:4      | Noticed a slave
  4121 | D:4      | Noticed a slave
  4122 | D:4      | Noticed a slave
  4125 | D:4      | Noticed a slave
  4162 | D:4      | Slain by Pikel

Vault maps used:
D:1:      dpeg_arrival_rooms_a
D:2:      lemuel_crystal_altar, marbit_many_paths, okawaru_altar_gauntlet_db,
          chequers_ecumenical_altar_simple
D:3:      kennysheep_doodads, due_unseen_surprise, uniq_jessica, uniq_terence
D:4:      nicolae_ru_great_annihilating_truth, uniq_eustachio, uniq_pikel

Skill      XL: |  1  2  3  4  5 |
---------------+----------------+-----
Dodging        | 3 |  3.6
Stealth        | 3 4 |  4.2
Armour         | 2 |  2.0
Fighting       | |  3.7
Long Blades    | |  3.7

Action                   |  1- 3 |  4- 6 || total
-------------------------+-------+-------++-------
Melee: Falchion          |    80 |    27 ||   107
       Dagger            |    21 |   244 ||   265
 Abil: Dig               |       |     1 ||     1
  Use: Scroll            |       |     8 ||     8
       Potion            |       |     2 ||     2
 Stab: Sleeping          |     5 |     5 ||    10
       Invisible         |       |     1 ||     1
  Eat: Chunk             |     2 |     7 ||     9
       Pizza             |       |     1 ||     1
Armor: Robe              |    17 |       ||    17
       Ring mail         |     3 |    30 ||    33
       Chain mail        |       |    83 ||    83
       Skin              |       |    12 ||    12
Dodge: Dodged            |    59 |   137 ||   196
Block: Other             |       |    17 ||    17
       Reflection        |       |     3 ||     3
       Rpst.: Falchion   |    14 |     3 ||    17
